 Dungeon Crawl Stone Soup version 0.21.1-1-g345015f (webtiles) character file.

1949 inc the Thaumaturge (level 9, -1/55 HPs)
             Began as an Octopode Conjurer on June 11, 2018.
             Was an Initiate of Gozag.
             Killed from afar by an orc wizard (4 damage)
             ... with a magic dart
             ... on level 5 of the Dungeon.
             The game lasted 00:15:03 (7336 turns).

inc the Thaumaturge (Octopode Conjurer)             Turns: 7336, Time: 00:15:04

Health: -1/55      AC:  1    Str:  7    XL:     9   Next: 18%
Magic:  10/21      EV: 17    Int: 20    God:    Gozag
Gold:   756        SH:  0    Dex: 13    Spells: 14/24 levels left

rFire    . . .     SeeInvis .   r - staff of conjuration
rCold    . . .     Gourm    .   (no shield)
rNeg     + . .     Faith    .   (helmet restricted)
rPois    .         Spirit   .   k - amulet of rage
rElec    .         Reflect  .   h - +4 ring of evasion
rCorr    .         Harm     .   m - ring of positive energy
MR       .....                  (no ring)
Stlth    +++.......             (no ring)
HPRegen  0.18/turn              (no ring)
MPRegen  0.17/turn              (no ring)
                                (no ring)
                                (no ring)

@: no status effects
A: almost no armour, stealthy swim, amphibious, 8 rings, constrict 8, camouflage
1, gelatinous body 1
a: Potion Petition, Call Merchant, Bribe Branch, Renounce Religion, Evoke
Berserk Rage


You were on level 5 of the Dungeon.
You worshipped Gozag.
Gozag was pleased with you.
You were not hungry.

You visited 1 branch of the dungeon, and saw 7 of its levels.
You also visited: Sewer.

You collected 779 gold pieces.
You paid 23 gold pieces to Gozag.

Inventory:

Hand Weapons
 e - a +0 short sword
 f - a +1 whip
Magical Staves
 r - an uncursed staff of conjuration (weapon)
Jewellery
 h - a +4 ring of evasion (left tentacle)
 k - an amulet of rage (around mantle)
 m - a ring of positive energy (right tentacle)
 G - a cursed -2 ring of strength {unknown}
Wands
 p - a wand of digging (8)
 C - a wand of polymorph (11)
Scrolls
 g - 3 scrolls of magic mapping
 i - a scroll of immolation
 n - 2 scrolls of remove curse
 o - a scroll of fear {unknown}
 s - 2 scrolls of enchant weapon
 u - 2 scrolls of enchant armour {unknown}
 v - 6 scrolls of teleportation {unknown}
 w - 2 scrolls of amnesia {unknown}
 x - 3 scrolls of blinking {unknown}
 y - 3 scrolls of fog {unknown}
 B - a scroll of identify
 D - a scroll of random uselessness {unknown}
Potions
 b - a potion of curing
 d - a potion of agility
 j - 5 potions of might {unknown}
 l - 4 potions of magic {unknown}
 q - a potion of heal wounds {unknown}
 t - 3 potions of haste {unknown}
 z - a potion of degeneration {unknown}
 A - a potion of resistance {unknown}
 E - a potion of lignification {unknown}
 F - a potion of flight {unknown}
Books
 a - a book of Conjurations

   Spells                             Type                      Level
   a - Magic Dart                     Conjuration                  1
   b - Searing Ray                    Conjuration                  2
   c - Dazzling Spray                 Conjuration/Hexes            3
   d - Fulminant Prism                Conjuration/Hexes            4
   e - Force Lance                    Conjuration/Translocation    4
   f - Iskenderun's Mystic Blast      Conjuration                  4
Comestibles
 c - 5 rations


   Skills:
 - Level 2.5 Fighting
 - Level 2.0 Dodging
 - Level 2.6 Stealth
 + Level 8.2 Spellcasting
 - Level 8.0 Conjurations
 * Level 2.0 Hexes


You had 14 spell levels left.
You knew the following spells:

 Your Spells              Type           Power        Failure   Level  Hunger
a - Magic Dart            Conj           ####         1%          1    None
b - Searing Ray           Conj           ######       1%          2    None
c - Dazzling Spray        Conj/Hex       #####.       3%          3    None
d - Iskenderun's Mystic   Conj           ######..     3%          4    ###....


Dungeon Overview and Level Annotations

Branches:
Dungeon (7/15)             Temple (0/1) D:7

Altars:
Ashenzari
Cheibriados
Elyvilon
Fedhas
Gozag
Kikubaaqudgha
Nemelex Xobeh
Ru
Trog
Xom
Zin
The Shining One

Shops:
D:3 *

Annotations:
D:2 Sigmund
D:3 inc's ghost, amateur OpCj
D:7 inc's ghost, novice OpCj


Innate Abilities, Weirdness & Mutations

You cannot wear most types of armour.
You are very stealthy in the water. (Stealth+)
You are amphibious.
You can wear up to eight rings at the same time.
You can use your tentacles to constrict eight enemies at once.
Your skin changes colour to match your surroundings (Stealth+).
Your rubbery body absorbs attacks. (AC +1, EV +1)


Message History

The orc warrior is no longer distracted by gold.
Found a sacrificial altar of Ru and a bloodstained altar of Trog.
Found 13 gold pieces.
Something hits you.
* * * LOW HITPOINT WARNING * * *
You hear some strange, mumbled words.
A puff of frost appears from out of thin air!
The puff of frost hits you!
* * * LOW HITPOINT WARNING * * *
There is a stone staircase leading up here.
Something hits you.
* * * LOW HITPOINT WARNING * * *
You climb upwards.
There is a stone staircase leading down here.
You start resting.
You hear some strange, mumbled words.
A magic dart appears from out of thin air!
The magic dart hits you!
You die...
Your body crumbles into a pile of gold.

....#...........)##.##....≈≈....≈
#.#...#........<.##..#....##≈≈≈≈≈
#.#..##..........###.#....##≈≈≈≈≈
..#..#...........# #.............
..............)..###.....#.......
..................##<###.##.####.
.....................# #..#.# #.
..............#......###....## #.
..............##@..#)..#.....###.
.####.....###....#####...#....##.
.# ##...#.# ####....##..........#
.###......######.....#..........#
..................#.............#
#.>...#.#.#######...............#
.....##.#.## ####............#
.###.##.#..# ###..........# .#
#.#####.# ##..#.##...#


There were no monsters in sight!

Vanquished Creatures
  The ghost of inc the Conjurer, an amateur OpCj (D:4)
  Eustachio (D:4)
  Edmund (D:5)
  An ice beast (D:7)
  A sky beast (D:6)
  2 phantoms (D:6)
  2 ogres
  A centaur (D:5)
  3 big kobolds (Sewer)
  A gnoll sergeant (D:7)
  A scorpion (D:5)
  2 crimson imps
  3 hounds
  2 orc priests (D:6)
  An orc wizard (D:6)
  3 centaur skeletons
  2 worker ants (D:5)
  3 gnolls (D:7)
  10 adders
  2 river rats
  An ooze (Sewer)
  2 dart slugs
  4 worms
  5 leopard geckos
  10 orcs
  3 giant cockroaches
  A goblin (D:1)
  2 hobgoblins
  3 quokkas
  4 ball pythons
  5 bats
  3 frilled lizards
  10 kobolds
  A leopard gecko skeleton (D:5)
  7 rats
104 creatures vanquished.

Vanquished Creatures (others)
  A quokka (D:3)
1 creature vanquished.

Grand Total: 105 creatures vanquished

Notes
Turn   | Place    | Note
-------+----------+-------------------------------------------
     0 | D:1      | inc the Octopode Conjurer began the quest for the Orb.
     0 | D:1      | Reached XP level 1. HP: 11/11 MP: 3/3
   217 | D:1      | Reached skill level 1 in Fighting
   217 | D:1      | Reached XP level 2. HP: 9/18 MP: 0/5
  1237 | D:2      | Reached XP level 3. HP: 24/24 MP: 2/7
  1290 | D:2      | Found a snail-covered altar of Cheibriados.
  1351 | D:2      | Learned a level 2 spell: Searing Ray
  1355 | D:2      | Learned a level 3 spell: Dazzling Spray
  1499 | D:2      | Found a glowing golden altar of the Shining One.
  1564 | D:2      | Found a shattered altar of Ashenzari.
  1708 | D:2      | Reached XP level 4. HP: 28/30 MP: 2/8
  1828 | D:2      | Noticed Sigmund
  1946 | D:3      | Noticed inc's ghost (amateur OpCj)
  2055 | D:3      | Found an opulent altar of Gozag.
  2058 | D:3      | Found Gozag's Platinum Reserve.
  2191 | D:3      | Became a worshipper of Gozag Ym Sagoz the Greedy
  2276 | D:3      | Found a white marble altar of Elyvilon.
  2610 | D:3      | Found a shimmering altar of Xom.
  2946 | D:4      | Noticed inc's ghost (amateur OpCj)
  3018 | D:4      | Noticed Eustachio
  3037 | D:4      | Reached XP level 5. HP: 29/35 MP: 5/10
  3209 | D:4      | Noticed an ogre
  3215 | D:4      | Killed an ogre
  3396 | D:5      | Entered Level 5 of the Dungeon
  3396 | D:5      | Noticed a centaur
  3401 | D:5      | Killed a centaur
  3401 | D:5      | Reached skill level 5 in Spellcasting
  3401 | D:5      | Reached XP level 6. HP: 3/41 MP: 9/13
  3666 | D:5      | Noticed Edmund
  3701 | D:4      | Killed inc's ghost
  3701 | D:4      | Reached XP level 7. HP: 6/45 MP: 3/16
  4062 | D:5      | Found a glowing drain.
  4071 | Sewer    | Entered a sewer
  4586 | Sewer    | Reached skill level 5 in Conjurations
  4908 | D:5      | Reached XP level 8. HP: 51/51 MP: 7/18
  5245 | D:4      | Killed Eustachio
  5624 | D:5      | Killed Edmund
  6453 | D:7      | Reached XP level 9. HP: 49/55 MP: 9/20
  6573 | D:7      | Found a blossoming altar of Fedhas.
  6680 | D:7      | Found a sparkling altar of Nemelex Xobeh.
  6680 | D:7      | Found a glowing silver altar of Zin.
  6851 | D:7      | Found an ancient bone altar of Kikubaaqudgha.
  6931 | D:7      | Learned a level 4 spell: Iskenderun's Mystic Blast
  6968 | D:7      | Noticed inc's ghost (novice OpCj)
  7153 | D:7      | Found a staircase to the Ecumenical Temple.
  7284 | D:6      | Reached skill level 1 in Hexes
  7299 | D:6      | Found a sacrificial altar of Ru.
  7299 | D:6      | Found a bloodstained altar of Trog.
  7336 | D:5      | Killed from afar by an orc wizard

Skill      XL: |  1  2  3  4  5  6  7  8  9 |
---------------+----------------------------+-----
Fighting       | 1 2 |  2.5
Spellcasting   | 3 5 6 7 8 |  8.2
Conjurations   | 6 8 |  8.0
Hexes          | 2 |  2.0
Dodging        | |  2.0
Stealth        | |  2.6

Action                   |  1- 3 |  4- 6 |  7- 9 || total
-------------------------+-------+-------+-------++-------
Melee: Unarmed           |     5 |       |       ||     5
       Short sword       |    28 |     6 |       ||    34
       Tentacles         |     6 |     3 |     2 ||    11
       Constrict         |     7 |     2 |     6 ||    15
       Staff             |       |       |    20 ||    20
 Cast: Magic Dart        |    38 |    29 |   170 ||   237
       Searing Ray       |       |     6 |    26 ||    32
       Dazzling Spray    |       |       |     2 ||     2
Invok: Potion Petition   |       |     1 |       ||     1
 Abil: Evoke Berserk Rag |       |       |     1 ||     1
  Use: Scroll            |       |     1 |     5 ||     6
       Potion            |       |       |     1 ||     1
 Stab: Sleeping          |     3 |       |       ||     3
  Eat: Chunk             |     2 |     2 |       ||     4
       Ration            |       |     2 |     3 ||     5
Armor: Skin              |     2 |     2 |    10 ||    14
Dodge: Dodged            |    27 |    12 |    89 ||   128
